 Dungeon Crawl Stone Soup version 0.28.0-53-g5a82cb258f (webtiles) character file.

Game seed: 8799299249285404281

87350 Desron the Blocker (level 15, -22/135 HPs)
             Began as a Minotaur Berserker on July 12, 2022.
             Was a High Priest of Trog.
             Killed from afar by a wretched star (35 damage)
             ... with a lance of force
             ... on level 3 of the Abyss on July 13, 2022.
             The game lasted 01:49:58 (20471 turns).

Desron the Blocker (Minotaur Berserker)            Turns: 20471, Time: 01:49:59

Health: -22/135    AC: 23    Str: 26    XL:     15   Next: 43%
Magic:  14/14      EV: 13    Int:  4    God:    Trog [*****.]
Gold:   1369       SH: 19    Dex: 18    Spells: 14/14 levels left

rFire   . . .      SeeInvis .   f - +3 eveningstar (flame)
rCold   . . .      Faith    .   b - +0 tower shield
rNeg    + + .      Spirit   .   m - +4 chain mail {rN+}
rPois   .          Reflect  .   (helmet restricted)
rElec   .          Harm     .   g - +4 cloak "Yseotail" {rN+ Str+3}
rCorr   .          Rampage  .   D - +0 pair of gloves
Will    +++..                   (no boots)
Stlth   ..........              j - amulet of regeneration
HPRegen 2.12/turn               P - +6 ring of dexterity
MPRegen 0.14/turn               H - ring of flight

@: strong-willed, on berserk cooldown, flying, regenerating, slowed, very slow
A: horns 2, retaliatory headbutt, [clumsy 2]
a: Renounce Religion, Berserk, Trog's Hand, Brothers in Arms


You were on level 3 of the Abyss.
You worshipped Trog.
Trog was extremely pleased with you.
You visited 3 branches of the dungeon, and saw 19 of its levels.
You visited the Abyss 1 time.
You also visited: Bailey, Gauntlet and Volcano.

You collected 1369 gold pieces.

Inventory:

Hand Weapons
 f - a +3 eveningstar of flaming (weapon)
 B - the +6 hunting sling of Ogaboomm {vorpal, rPois}
   (You found it on level 10 of the Dungeon)

   Any ammunition fired from it inflicts extra damage upon your enemies.
   rPois:     It protects you from poison.
Missiles
 o - 52 sling bullets
 w - 3 throwing nets (quivered)
 C - 513 stones
Armour
 b - a +0 tower shield (worn)
 g - the +4 cloak "Yseotail" (worn) {rN+ Str+3}
   (You found it on level 6 of the Dungeon)

   Str:       It affects your strength (+3).
   rN:        It protects you from negative energy.
 m - a +4 chain mail of positive energy (worn)
 D - a +0 pair of gloves (worn)
Jewellery
 j - an amulet of regeneration (around neck)
 H - a ring of flight (right hand)
 M - a ring of willpower
 P - a +6 ring of dexterity (left hand)
Wands
 p - a wand of flame (22)
 s - a wand of acid (15)
 t - a wand of polymorph (13)
 x - a wand of digging (6)
 z - a wand of paralysis (4)
 R - a wand of mindburst (10)
 S - a wand of iceblast (8)
Scrolls
 c - 12 scrolls of teleportation
 h - 4 scrolls of enchant armour
 i - 2 scrolls of fear
 l - 2 scrolls of summoning
 q - 2 scrolls of magic mapping {unknown}
 u - 2 scrolls of immolation {unknown}
 v - a scroll of blinking {unknown}
 y - a scroll of torment {unknown}
 A - 2 scrolls of enchant weapon {unknown}
 G - 3 scrolls of vulnerability
 L - a scroll of brand weapon {unknown}
 T - a scroll of holy word {unknown}
Potions
 a - 3 potions of invisibility {unknown}
 d - 3 potions of haste
 e - 6 potions of flight
 k - 10 potions of curing
 n - a potion of might {unknown}
 r - a potion of brilliance {unknown}
 E - 4 potions of resistance
 F - a potion of ambrosia {unknown}
 I - a potion of cancellation {unknown}
 K - a potion of berserk rage {unknown}
 N - a potion of lignification {unknown}
 O - a potion of heal wounds {unknown}
Miscellaneous
 J - a phantom mirror
 Q - a box of beasts
 U - a lightning rod (inert)


   Skills:
 + Level 13.1 Fighting
 - Level 6.3(10.5) Axes
 + Level 13.0(13.6) Maces & Flails
 + Level 6.2(6.8) Slings
 - Level 8.8 Bows
 + Level 3.7(5.2) Throwing
 * Level 12.8 Armour
 * Level 11.5 Dodging
 + Level 3.8 Stealth
 + Level 13.5 Shields
 * Level 6.8 Evocations


You had 14 spell levels left.
You didn't know any spells.
Your spell library was empty.

Dungeon Overview and Level Annotations

Branches:
Dungeon (12/15)            Temple (0/1) D:5            Lair (6/6) D:10
 Shoals (0/4) Lair:3        Snake (0/4) Lair:2        Slime (0/5) Lair:6
    Orc (1/2) D:12         Bailey (visited)         Volcano (visited)
Gauntlet (visited)

Altars:
Cheibriados
Hepliaklqana
Kikubaaqudgha
Makhleb
Nemelex Xobeh
Trog
Vehumet
Yredelemnul
The Shining One
Beogh
Jiyva

Shops:
D:5 :   D:11 =


Innate Abilities, Weirdness & Mutations

You have a pair of horns on your head.
You reflexively headbutt those who attack you in melee.
[You are very clumsy. (Dex -4)]


Message History

The starcursed mass is heavily damaged.
The starcursed mass shudders and withdraws towards its neighbour.
The wretched star glows turbulently.
The lance of force hits you!
* * * LOW HITPOINT WARNING * * *
You are knocked back by the lance of force.
You slam into the stone wall!
* * * LOW HITPOINT WARNING * * *
The rakshasa weaves an illusion.
Aiming: Thunderbolt
Press: ? - help, Shift-Dir - straight line, p - wretched star The thunderbolt hits the wretched star.
The wretched star resists.
The wretched star is lightly damaged.
The thunderbolt hits the wretched star!
The wretched star resists.
The wretched star is heavily damaged.
The thunderbolt hits the starcursed mass!
You destroy the starcursed mass!
The starcursed mass shimmers and vanishes!
The thunderbolt hits the starcursed mass!
The starcursed mass is severely damaged.
The thunderbolt hits the rakshasa!
The rakshasa is lightly wounded.
The lightning rod overheats!
The starcursed mass shudders and withdraws towards its neighbour.
The rakshasa blinks!
A starcursed mass splits.
You sock the wretched star! You burn the wretched star.
You destroy the wretched star!
The wretched star shimmers and vanishes!
A chorus of shrieks assaults your mind.
* * * LOW HITPOINT WARNING * * *
The wretched star glows turbulently.
You block the lance of force.
Your ogre goes berserk!
A starcursed mass splits.
Okay, then.
You open the lid... ...but nothing happens.
Your ogre hits the wretched star with a +0 giant spiked club!
The wretched star glows turbulently.
The lance of force hits you!!
You die...

...#. #.# # .
... . #..# ##
.##.. .. #*..
##. X#.# #
##.#X#..###.XR.
# ..#.#.#.##X
...# #
#.##..#..#
XO.#..# ยง#
##*RX.# X...#/
#@###.# #. #..
### #..#. .# .
...#.. # . .
....## ... ###
## ..


You could see 3 starcursed masses, a wretched star (ally target), a rakshasa and
a friendly ogre (summoned, berserk).

Vanquished Creatures
  A tentacled starspawn (Abyss:3)
  An orc warlord (Bailey)
  A minotaur (Gauntlet)
  The ghost of Ginau the Grappler, a journeyman TrGl of Okawaru (Lair:3)
  A fire dragon (Lair:6)
  8 hydras
  A catoblepas (Lair:3)
  Erica (D:8)
  5 two-headed ogres
  2 death yaks (Lair:5)
  Urug (Lair:4)
  Nergalle (Lair:2)
  4 skeletal warriors (D:12)
  A fire crab (Lair:6)
  3 wizards
  A lindwurm (Lair:6)
  An orc knight (Bailey)
  An oklob plant (Lair:3)
  An ugly thing (D:12)
  2 manticores
  2 toenail golems (Volcano)
  A cyclops (D:12)
  Maurice (D:8)
  11 elephants
  A torpor snail (Lair:3)
  6 black mambas
  A guardian serpent (D:12)
  A smoke demon (Gauntlet)
  2 molten gargoyles (Lair:6)
  4 cane toads
  Maggie (D:9)
  3 gargoyles
  4 rime drakes
  A kobold demonologist (D:10)
  Psyche (D:8)
  15 komodo dragons
  An ice devil (Gauntlet)
  4 trolls
  2 hornets
  Prince Ribbit (Lair:2)
  16 slime creatures
  29 blink frogs
  3 dream sheep
  A meliai zombie (D:11)
  Sigmund (D:4)
  A shadow (D:11)
  2 wraiths
  41 yaks
  A vampire (D:9)
  4 wyverns
  7 basilisks
  A chaos spawn (Abyss:3)
  3 steam dragons
  3 nagas (Lair:2)
  5 vampire mosquitoes
  An acid dragon (D:11)
  Edmund (D:6)
  17 water moccasins
  4 hell hounds (Lair:6)
  19 orc warriors
  3 sky beasts
  5 ice beasts
  2 black bears
  4 ogres
  37 wolves
  5 centaurs
  A phantom (D:7)
  10 bullfrogs
  19 kobold brigands
  A wyvern zombie (D:6)
  3 scorpions
  A water moccasin zombie (D:5)
  A wyvern skeleton (D:7)
  14 killer bees
  2 electric eels (D:9)
  3 crimson imps (Gauntlet)
  6 starcursed masses (Abyss:3)
  A bullfrog zombie (D:5)
  6 centaur zombies
  5 lava snakes (Lair:6)
  A hound (D:7)
  A jelly (D:7)
  A centaur skeleton (D:7)
  11 orc priests
  A gnoll shaman (D:9)
  4 iguanas
  14 orc wizards
  A killer bee zombie (D:7)
  2 howler monkey zombies
  5 adders
  10 gnolls
  6 white imps
  3 ufetubi
  An adder skeleton (D:4)
  6 worms
  2 dart slugs
  40 orcs
  8 ball pythons
  5 bats
  6 endoplasms
  2 giant cockroaches
  26 goblins
  14 hobgoblins
  3 jackals (D:1)
  42 kobolds
  6 quokkas
  A frilled lizard (D:2)
  6 rats
  A starspawn tentacle (Abyss:3)
619 creatures vanquished.

Vanquished Creatures (collateral kills)
  A skeletal warrior (D:12)
  An orc warrior (Bailey)
  A hobgoblin (Bailey)
3 creatures vanquished.

Vanquished Creatures (others)
  A wyvern (Lair:6)
  7 fungi
  7 plants
  3 starspawn tentacles (Abyss:3)
18 creatures vanquished.

Grand Total: 640 creatures vanquished

Notes
Turn   | Place    | Note
-------+----------+-------------------------------------------
     0 | D:1      | Desron the Minotaur Berserker began the quest for the Orb.
     0 | D:1      | Reached XP level 1. HP: 19/19 MP: 0/0
    66 | D:1      | Found a faded altar of an unknown god.
   146 | D:1      | Reached XP level 2. HP: 5/27 MP: 1/1
   757 | D:1      | Reached XP level 3. HP: 31/33 MP: 2/2
  1327 | D:2      | Reached skill level 1 in Shields
  1575 | D:2      | Reached ** piety under Trog
  1606 | D:2      | Reached XP level 4. HP: 40/40 MP: 3/3
  1928 | D:3      | Noticed a centaur
  1937 | D:3      | Killed a centaur
  1938 | D:3      | Reached skill level 5 in Axes
  1938 | D:3      | Reached XP level 5. HP: 30/47 MP: 4/4
  2189 | D:3      | Noticed an ogre
  2193 | D:3      | Killed an ogre
  2203 | D:3      | Found a radiant altar of Vehumet.
  3036 | D:4      | Reached skill level 1 in Bows
  3036 | D:4      | Reached XP level 6. HP: 53/53 MP: 5/5
  3161 | D:4      | Noticed Sigmund
  3167 | D:4      | Killed Sigmund
  3180 | D:4      | Reached XP level 7. HP: 37/60 MP: 6/6
  3713 | D:5      | Entered Level 5 of the Dungeon
  3721 | D:5      | Reached skill level 5 in Fighting
  3777 | D:5      | Reached skill level 5 in Armour
  3830 | D:5      | Reached XP level 8. HP: 68/68 MP: 7/7
  3863 | D:5      | Reached skill level 1 in Maces & Flails
  3863 | D:5      | Reached skill level 5 in Bows
  3945 | D:5      | Reached *** piety under Trog
  4208 | D:6      | Found a bloodstained altar of Trog.
  4209 | D:6      | Found a snail-covered altar of Cheibriados.
  4210 | D:6      | Found a sparkling altar of Nemelex Xobeh.
  4210 | D:6      | Found an ancient bone altar of Kikubaaqudgha.
  4262 | D:6      | Identified the +4 cloak "Yseotail" {rN+ Str+3}
  4483 | D:5      | Found Peil's Book Emporium.
  4591 | D:5      | Found a staircase to the Ecumenical Temple.
  4799 | D:6      | Noticed Edmund
  4812 | D:6      | Killed Edmund
  4813 | D:6      | Reached skill level 5 in Shields
  5220 | D:7      | Noticed a hornet
  5225 | D:7      | Paralysed by a hornet for 1 turns
  5235 | D:7      | Killed a hornet
  5256 | D:7      | Found a hazy altar of Hepliaklqana.
  5307 | D:7      | Reached XP level 9. HP: 75/75 MP: 8/8
  5339 | D:7      | Reached skill level 5 in Dodging
  5915 | D:7      | Reached **** piety under Trog
  6044 | D:8      | Found a flagged portal.
  6101 | Bailey   | Entered a bailey
  6295 | Bailey   | Reached skill level 5 in Maces & Flails
  6350 | Bailey   | Reached XP level 10. HP: 73/86 MP: 9/9
  6511 | Bailey   | Noticed an orc knight
  6534 | Bailey   | Killed an orc knight
  6606 | Bailey   | Noticed an orc warlord
  6676 | Bailey   | Killed an orc warlord
  6855 | Bailey   | Reached XP level 11. HP: 95/95 MP: 10/10
  6856 | Bailey   | Reached skill level 10 in Shields
  6856 | Bailey   | Reached XP level 12. HP: 105/105 MP: 11/11
  6982 | D:8      | Noticed a two-headed ogre
  6983 | D:8      | Noticed a two-headed ogre
  7314 | D:7      | Killed a two-headed ogre
  7365 | D:8      | Killed a two-headed ogre
  7416 | D:8      | Noticed Erica
  7418 | D:8      | Paralysed by something for 3 turns
  7428 | D:8      | Paralysed by something for 7 turns
  7443 | D:8      | Killed Erica
  7444 | D:8      | Reached skill level 10 in Armour
  7678 | D:8      | Noticed Psyche
  7684 | D:8      | Noticed Maurice
  7688 | D:8      | Killed Psyche
  7761 | D:8      | Killed Maurice
  7961 | D:9      | Reached skill level 10 in Fighting
  8204 | D:9      | Reached ***** piety under Trog
  8252 | D:9      | Noticed Maggie
  8264 | D:9      | Killed Maggie
  8473 | D:9      | Reached XP level 13. HP: 113/113 MP: 12/12
  8541 | D:9      | Found a glowing golden altar of the Shining One.
  8544 | D:9      | Found a burning altar of Makhleb.
  8637 | D:10     | Entered Level 10 of the Dungeon
  8860 | D:10     | Identified the +6 hunting sling of Ogaboomm {vorpal, rPois}
 10557 | D:10     | Found a staircase to the Lair.
 10601 | D:10     | Found a basalt altar of Yredelemnul.
 10992 | D:11     | Reached skill level 1 in Slings
 11098 | D:11     | Received a gift from Trog
 11355 | D:11     | Found Anlepul's Jewellery Shoppe.
 11480 | D:11     | Noticed a vampire knight
 12520 | D:12     | Reached skill level 10 in Maces & Flails
 12679 | D:12     | Found a staircase to the Orcish Mines.
 12951 | D:12     | Reached skill level 5 in Evocations
 13412 | Lair:1   | Entered Level 1 of the Lair of Beasts
 13889 | Lair:1   | Reached XP level 14. HP: 125/125 MP: 13/13
 14445 | Lair:2   | Noticed Prince Ribbit
 14456 | Lair:2   | Killed Prince Ribbit
 14468 | Lair:2   | HP: 9/187 [blink frog[Prince Ribbit] (9)]
 14473 | Lair:2   | HP: 9/187 [poisoned by a naga (splash of poison)]
 14601 | Lair:2   | Found a staircase to the Snake Pit.
 14755 | Lair:2   | Noticed Nergalle
 14763 | Lair:2   | Killed Nergalle
 15270 | Lair:3   | Identified the +3 short sword "Jijapp" {vorpal, rPois rC+}
                  | (Trog gifted it to you on level 3 of the Lair of Beasts)
 15270 | Lair:3   | Received a gift from Trog
 15314 | Lair:3   | Reached skill level 10 in Dodging
 15449 | Lair:3   | Found a transporter.
 15488 | Lair:3   | Noticed Ginau's ghost (journeyman TrGl)
 15717 | Lair:3   | Found a staircase to the Shoals.
 15834 | Lair:3   | Found a transporter.
 16019 | Lair:3   | Killed Ginau's ghost
 16150 | Lair:4   | Noticed Urug
 16247 | Lair:4   | Killed Urug
 16402 | Lair:4   | Found a gate leading to a gauntlet.
 16412 | Gauntlet | Entered a Gauntlet
 16412 | Gauntlet | Found a transporter.
 16419 | Gauntlet | Found a transporter.
 16421 | Gauntlet | Found a transporter.
 16432 | Gauntlet | Found a transporter.
 16435 | Gauntlet | Found a transporter.
 16444 | Gauntlet | Found a transporter.
 16460 | Gauntlet | Found a transporter.
 16471 | Gauntlet | Found a transporter.
 16479 | Gauntlet | Found a runed translucent gate.
 16479 | Gauntlet | Found a runed translucent gate.
 16479 | Gauntlet | Found a runed translucent gate.
 16480 | Gauntlet | Noticed a quicksilver ooze
 16483 | Gauntlet | Found a transporter.
 16489 | Gauntlet | Found a transporter.
 16489 | Gauntlet | Found a transporter.
 16520 | Gauntlet | Found a transporter.
 16520 | Gauntlet | Found a transporter.
 16609 | Gauntlet | Identified the +1 cloak "Iticugi" {-Tele rElec rF+ Int+8}
 17903 | Lair:5   | Reached skill level 5 in Slings
 18421 | Lair:6   | Entered Level 6 of the Lair of Beasts
 18474 | Lair:5   | Reached XP level 15. HP: 86/134 MP: 14/14
 19089 | Lair:6   | Found a viscous altar of Jiyva.
 19089 | Lair:6   | Found a staircase to the Slime Pits.
 19501 | Lair:6   | Received a gift from Trog
 19504 | Lair:6   | Found a large runed translucent door.
 19504 | Lair:6   | Found a large runed translucent door.
 20218 | Orc:1    | Entered Level 1 of the Orcish Mines
 20289 | Orc:1    | Found a dark tunnel.
 20299 | Volcano  | Entered a volcano
 20383 | Volcano  | Cast into level 3 of the Abyss (a wizard)
 20420 | Abyss:3  | Noticed a tentacled starspawn
 20439 | Abyss:3  | Killed a tentacled starspawn
 20444 | Abyss:3  | Paralysed by accursed screaming for 1 turns
 20471 | Abyss:3  | Killed from afar by a wretched star

Illustrated notes

Levels and vault maps discovered:
D:1:      dpeg_arrival_three_bigger_balls, layout_loops_ring,
          ebering_ecumenical_altar_webs, grunt_decor_fettered, hex_medium
D:2:      layout_basic, roderic_roman_lattice
D:3:      layout_basic, old_standard_altar, hex_intersection,
          minmay_misc_feat_square
D:4:      layout_basic, hangedman_feature_mirror, grunt_decor_cap, st_stairs_9,
          chequers_serial_rivers_micro_a, moated_statue, uniq_sigmund
D:5:      layout_cave_pools, lemuel_temple_firewalk_b, serial_shops, shop
D:6:      layout_loops_cross, grunt_temple_overflow_open,
          chequers_serial_rivers_micro_a, uniq_edmund
D:7:      minmay_razor_zed, layout_basic, nicolae_hepliaklqana_hazy_memory
D:8:      layout_rooms, enter_bailey_5, uniq_maurice, uniq_psyche, uniq_erica
D:9:      layout_cave_pools, nicolae_overflow_squiral, uniq_maggie
D:10:     layout_basic, mainiacjoe_overflow_alcove_1, lair_entry_dummy,
          special_room [special_room_kobold], serial_park_tiny_pond
D:11:     layout_cave_pods, serial_shops, shop, onia_ninara_dug_in_and_dangerous
D:12:     layout_irregular_city, minmay_orc_entry_temple_large,
          nrook_guardian_serpent_ordinary
Lair:1:   layout_cave_pods, infiniplex_staircase_pool_2, grunt_megastairs_3
Lair:2:   layout_small_grid, guppyfry_snake_entry_island, uniq_prince_ribbit2,
          uniq_nergalle
Lair:3:   layout_long_grid, elwin_shoals_entry_rocks, nzn_ghost_randoct,
          minivault_25
Lair:4:   layout_cellular_growth, gauntlet_entry_generic,
          grunt_forest_large_clearings, serial_bayou_shore_b, uniq_urug
Lair:5:   layout_roguey, chequers_serial_rivers_small_3, minmay_hedge_maze,
          beast_lair_carwin_11
Lair:6:   cheibrodos_lair_end_hotspot, layout_cave_pods, slime_altar_1
Orc:1:    layout_caves, basic_altar, nicolae_volcano_entry_hallway
Abyss:3:  base: D:1, minivault_25_ag
Volcano:  volcano_bunker

Skill      XL: |  1  2  3  4  5  6  7  8  9 10 11 12 13 14 15 |
---------------+----------------------------------------------+-----
Axes           | 4 5 6 |  6.3
Fighting       | 4 5 6 7 8 9 10 11 12 13 | 13.1
Shields        | 1 2 3 4 5 7 9 10 11 13 | 13.5
Armour         | 3 4 5 6 7 9 10 11 12 | 12.8
Bows           | 1 3 4 6 7 8 |  8.8
Dodging        | 3 4 6 7 8 9 11 | 11.5
Maces & Flails | 3 5 7 8 11 12 13 | 13.0
Throwing       | 3 |  3.7
Stealth        | 2 3 |  3.8
Evocations     | 2 3 5 6 |  6.8
Slings         | 3 5 6 |  6.2

Action                   |  1- 3 |  4- 6 |  7- 9 | 10-12 | 13-15 || total
-------------------------+-------+-------+-------+-------+-------++-------
Melee: Hand axe          |    98 |    24 |       |       |       ||   122
       Headbutt          |    16 |     4 |    43 |    49 |   229 ||   341
       Mace              |       |       |    54 |       |       ||    54
       Flail             |       |       |   167 |   249 |   145 ||   561
       Punch             |       |       |       |     5 |     6 ||    11
       Eveningstar       |       |       |       |       |   833 ||   833
 Fire: Shortbow          |       |    43 |   111 |    97 |    16 ||   267
       Hunting sling     |       |       |       |       |   356 ||   356
Invok: Berserk           |     1 |       |       |     6 |    11 ||    18
       Trog's Hand       |       |       |       |     1 |     5 ||     6
       Brothers in Arms  |       |       |       |     1 |     2 ||     3
Evoke: Lightning rod     |       |       |       |       |     4 ||     4
       Box of beasts     |       |       |       |       |     1 ||     1
  Use: Scroll            |       |     1 |     4 |       |     7 ||    12
       Potion            |       |       |       |     2 |     1 ||     3
 Stab: Petrified         |       |       |       |       |     6 ||     6
Armor: Animal skin       |     1 |       |       |       |       ||     1
       Ring mail         |    33 |    14 |    34 |       |       ||    81
       Plate armour      |       |       |   131 |    42 |       ||   173
       Chain mail        |       |       |       |    69 |   487 ||   556
       Skin              |       |       |       |     8 |       ||     8
Dodge: Dodged            |    31 |    14 |   134 |    98 |   470 ||   747
Block: Tower shield      |    35 |    10 |   128 |   129 |   876 ||  1178
